 Dungeon Crawl Stone Soup version 0.31.0-11-ge490571c62 (webtiles) character file.

Game seed: 1424196960801698420

636 SeventhDimension the Chiller (level 7, 0/48 HPs)
             Began as an Octopode Monk on Feb 5, 2024.
             Slain by a scorpion (7 damage)
             ... on level 5 of the Dungeon.
             The game lasted 00:05:33 (3663 turns).

SeventhDimension the Chiller (Octopode Monk)        Turns: 3663, Time: 00:05:34

Health: 0/48       AC:  1    Str: 10    XL:     7   Next: 50%
Magic:  7/10       EV: 14    Int: 21    God:
Gold:   175        SH:  0    Dex: 15    Spells: 7/10 levels left

rFire   . . .        a - +0 spear
rCold   . . .        c - orb {light}
rNeg    . . .        (helmet restricted)
rPois   +            (no amulet)
rElec   .            L - ring of flight
rCorr   .            P - ring of poison resistance
SInv    +            v - ring of Tuom {Int+7 SInv}
Will    .....        (no ring)
Stlth   +            (no ring)
HPRegen 0.28/turn    (no ring)
MPRegen 0.12/turn    (no ring)
                     (no ring)

%: no passive effects
@: lethally poisoned (0 -> -7), flying, glowing
A: almost no armour, amphibious, 8 rings, camouflage 1, gelatinous body 1,
(nimble swimmer 1), tentacles
a: no special abilities


You were on level 5 of the Dungeon.
You visited 1 branch of the dungeon, and saw 5 of its levels.

You collected 175 gold pieces.


Innate Abilities, Weirdness & Mutations

You cannot wear most types of armour.
You are amphibious.
You can wear up to eight rings at the same time.
Your skin changes colour to match your surroundings (Stealth+).
Your rubbery body absorbs attacks. (AC +1, EV +1)
((You are camouflaged when in or above water. (Stealth+)))
You have tentacles for arms and can constrict up to eight enemies at once.


   Skills:
 - Level 4.0 Fighting
 - Level 3.0 Polearms
 - Level 3.0 Dodging
 - Level 2.0 Spellcasting
 + Level 4.7 Summonings
 + Level 4.7 Ice Magic


You had 7 spell levels left.
You knew the following spells:

 Your Spells              Type           Power      Damage    Failure   Level
b - Summon Ice Beast      Ice/Summ       21%        N/A       6%          3

Your spell library contained the following spells:

 Spells                   Type           Power      Damage    Failure   Level
 Freeze                   Ice            84%        1d9       2%          1
 Frozen Ramparts          Ice            42%        1d7       6%          3
 Hailstorm                Conj/Ice       12%        3d6       17%         3
 Blink                    Tloc           4%         N/A       22%         2
 Lesser Beckoning         Tloc           4%         N/A       22%         2
 Momentum Strike          Conj/Tloc      4%         3d8       22%         2
 Sculpt Simulacrum        Ice/Alch       6%         N/A       100%        6

Inventory:

Hand Weapons
 a - a +0 spear (weapon)
Missiles
 d - 3 curare-tipped darts {=f}
Armour
 c - an orb of light (worn)
Magical Staves
 x - a staff of conjuration {!a}
Jewellery
 v - the ring of Tuom (on tentacle) {Int+7 SInv}
   (You found it on level 4 of the Dungeon)

   [ring of see invisible]

   Int+7:     It affects your intelligence (+7).
   SInv:      It lets you see invisible.
 L - a ring of flight (left tentacle)
 P - a ring of poison resistance (right tentacle)
Talismans
 z - a maw talisman
Wands
 p - a wand of flame (20)
 y - a wand of iceblast (2)
Scrolls
 i - a scroll of fear {unknown}
 j - a scroll of fog {unknown}
 m - 2 scrolls of enchant weapon {unknown}
 n - a scroll of blinking {unknown}
 q - a scroll of torment {unknown}
 s - a scroll of teleportation {unknown}
 t - a scroll of vulnerability {unknown}
 u - 3 scrolls of identify {unknown}
 w - a scroll of silence {unknown}
Potions
 b - a potion of ambrosia
 e - a potion of cancellation {unknown}
 f - 2 potions of might {unknown}
 g - 2 potions of degeneration {unknown}
 h - 2 potions of haste {unknown}
 k - a potion of enlightenment {unknown}
 l - a potion of brilliance {unknown}
 o - 2 potions of curing {unknown}
 r - a potion of mutation {unknown}

Dungeon Overview and Level Annotations

Branches:
Dungeon (5/15)
 Temple: D:4-7

Altars:
Wu Jian

.. P.....P .. ..
...PPPP... ... #..
#......... ... #..#
#...P..... .....
#...##.#$.... .....
#.....#...# ###. ....
#.##Y.gg.[#.##....#...
#....Ss# ....#...[#...
..#....@## ...#.....#...
........####...........#
.........##..##..#......
.........##...##.##.#.[#
...............#..#....#
....#.##......##........
...<#.#..▒....#....)..†.
..# ##...▒........#.....
## #...▒▒▒.......##....


You could see a scorpion, 2 gnolls, an adder (ally target) and a friendly ice
beast (summoned).


Message History

You are too injured to fight recklessly!
You are too injured to fight recklessly!
You are too injured to fight recklessly!
You are too injured to fight recklessly!
You are too injured to fight recklessly!
You are too injured to fight recklessly!
You are too injured to fight recklessly!
You are too injured to fight recklessly!
You are too injured to fight recklessly!
You are too injured to fight recklessly!
You are too injured to fight recklessly!
Unknown command.
Casting: Summon Ice Beast (dangerous; 6% risk of failure)
Confirm with . or Enter, or press ? or * to list all spells.
A chill wind blows around you.
You constrict the scorpion, but do no damage.
The adder bites you.
* * * LOW HITPOINT WARNING * * *
The scorpion stings you!
* * * LOW HITPOINT WARNING * * *
You are poisoned.
The scorpion poisons you! The gnoll barely misses you. The adder bites you.
* * * LOW HITPOINT WARNING * * *
Unknown command.
You release your grip on the scorpion.
You feel very sick. The adder bites you.
* * * LOW HITPOINT WARNING * * *
The scorpion stings you!
You die...

Skill      XL: |  1  2  3  4  5  6 |
---------------+-------------------+-----
Spellcasting   | 2 |  2.0
Fighting       | 4 |  4.0
Summonings     | 1 3 4 |  4.7
Ice Magic      | 1 3 4 |  4.7
Polearms       | |  3.0
Dodging        | |  3.0

Action                     |  1- 3 |  4- 6 |  7- 9 || total
---------------------------+-------+-------+-------++-------
  Melee: Spear             |    76 |    61 |    33 ||   170
         Constrict         |    26 |    13 |     8 ||    47
         Tentacles         |    20 |    15 |    13 ||    48
         Punch             |       |     1 |     1 ||     2
  Throw: Dart              |       |     1 |       ||     1
   Cast: Summon Ice Beast  |       |     2 |     2 ||     4
    Use: Potion            |       |     1 |       ||     1
   Stab: Sleeping          |     1 |     1 |       ||     2
 Armour: Skin              |    20 |    29 |    16 ||    65
  Dodge: Dodged            |    31 |    29 |    21 ||    81

Levels and vault maps discovered:
D:1:      dpeg_arrival_signposts, layout_basic
D:2:      layout_loops_cross, basic_altar, basic_ecumenical_altar,
          minmay_misc_feat_four_crosses, kennysheep_another_room,
          minmay_split_cup_small
D:3:      layout_loops_ring, nicolae_concentric_dashed_squares_wild,
          uniq_natasha, uniq_robin
D:4:      layout_basic
D:5:      layout_cave_pools, kennysheep_little_box,
          minmay_overflow_temple_star_quad, nicolae_grassy_gnolls,
          uniq_eustachio

Notes
Turn   | Place    | Note
-------+----------+-------------------------------------------
     0 | D:1      | SeventhDimension the Octopode Monk began the quest for the
                  | Orb.
     0 | D:1      | Reached XP level 1. HP: 16/16 MP: 1/1
   183 | D:1      | Reached XP level 2. HP: 18/21 MP: 2/2
   717 | D:2      | Found a faded altar of an unknown god.
   933 | D:2      | Reached XP level 3. HP: 26/27 MP: 4/4
   979 | D:2      | Reached skill level 1 in Spellcasting
   995 | D:2      | Identified a scarf of resistance
  1002 | D:2      | Reached skill level 4 in Fighting
  1119 | D:2      | Found an ornate altar of the Wu Jian Council.
  1372 | D:2      | Learned a level 3 spell: Summon Ice Beast
  1537 | D:3      | Identified the +3 helmet "Damnable Contraption" {rElec}
  1537 | D:3      | Noticed Robin
  1547 | D:3      | Reached skill level 2 in Spellcasting
  1553 | D:3      | Killed Robin
  1554 | D:3      | Reached XP level 4. HP: 25/33 MP: 5/7
  1607 | D:3      | Reached skill level 1 in Summonings
  1607 | D:3      | Reached skill level 1 in Ice Magic
  1974 | D:3      | Noticed Natasha
  1983 | D:3      | Killed Natasha
  1984 | D:3      | Reached XP level 5. HP: 17/37 MP: 8/8
  2201 | D:3      | Noticed Natasha
  2207 | D:3      | Killed Natasha
  2208 | D:3      | Reached skill level 2 in Summonings
  2208 | D:3      | Reached skill level 2 in Ice Magic
  2247 | D:3      | Noticed Natasha
  2255 | D:3      | Killed Natasha
  2436 | D:4      | Noticed a centaur
  2439 | D:4      | Killed a centaur
  2440 | D:4      | Reached skill level 3 in Summonings
  2440 | D:4      | Reached skill level 3 in Ice Magic
  2440 | D:4      | Reached XP level 6. HP: 43/43 MP: 9/9
  2585 | D:4      | HP: 4/43 [orc wizard/magic dart (5)]
  2858 | D:4      | Reached skill level 4 in Summonings
  2858 | D:4      | Reached skill level 4 in Ice Magic
  2858 | D:4      | Reached XP level 7. HP: 45/48 MP: 6/10
  3223 | D:4      | Identified the ring of Tuom {Int+7 SInv}
  3464 | D:5      | Entered Level 5 of the Dungeon
  3663 | D:5      | Slain by a scorpion

Vanquished Creatures
  A centaur (D:4)
  A scorpion (D:5)
  A hound (D:4)
  An orc priest (D:4)
  Natasha (thrice) (D:3)
  An iguana (D:3)
  2 orc wizards (D:4)
  Robin (D:3)
  A gnoll (D:5)
  4 adders
  A dart slug (D:2)
  A ribbon worm (D:5)
  An orc (D:5)
  2 endoplasms
  3 giant cockroaches
  6 goblins
  4 hobgoblins
  6 jackals
  5 quokkas
  4 ball pythons
  3 bats (D:2)
  2 frilled lizards (D:2)
  5 kobolds
  3 rats
62 creatures vanquished.

Vanquished Creatures (collateral kills)
  An ogre (D:5)
  A scorpion (D:4)
  A jelly (D:4)
3 creatures vanquished.

Grand Total: 65 creatures vanquished

Table legend: (Time is in decaauts)
 A = Elapsed time spent in this place.
 B = Non-inter-level travel time spent in this place.
 C = Inter-level travel time spent in this place.
 D = Time resting spent in this place.
 E = Time spent auto-exploring this place.
 F = Levels seen in this place.
 G = Mean time per level.
                   A        B        C        D        E       F      G
               +--------+--------+--------+--------+--------+-----+--------+
         Total |   3651 |   3541 |    110 |    524 |   2558 |   5 |  730.2 |
       Dungeon |   3651 |   3541 |    110 |    524 |   2558 |   5 |  730.2 |
               +--------+--------+--------+--------+--------+-----+--------+

Top non-repeatable levels by time:
     D:4: 1102 daAuts
     D:3: 966 daAuts
     D:2: 703 daAuts
     D:1: 682 daAuts
     D:5: 197 daAuts

Table legend:
 A = Non-vault XP
 B = Vault XP
 C = Vault XP percentage of total XP
 D = Non-vault monster count
 E = Vault monster count
 F = Vault count percentage of total count
                 A         B        C        D         E       F
            +---------+---------+-------+---------+---------+-------
      Total |     828 |      81 |   8.9 |      53 |      12 |  18.5
            +---------+---------+-------+---------+---------+-------
        D:1 |      14 |       0 |   0.0 |       9 |       0 |   0.0
        D:2 |      57 |       5 |   8.1 |      20 |       3 |  13.0
        D:3 |     112 |      62 |  35.6 |       6 |       8 |  57.1
        D:4 |     427 |       0 |   0.0 |      12 |       0 |   0.0
        D:5 |     218 |      14 |   6.0 |       6 |       1 |  14.3
            +---------+---------+-------+---------+---------+-------
